 Dungeon Crawl Stone Soup version 0.27.0-1-g7a089689b8 (webtiles) character file.

Game seed: 10157843406236284410

1296 trckry the Cudgeller (level 8, -7/120 HPs)
             Began as an Ogre Warper on Aug 11, 2021.
             Was a Believer of Trog.
             Killed from afar by Maggie (22 damage)
             ... with a bolt of fire
             ... on level 6 of the Dungeon.
             The game lasted 00:09:59 (7706 turns).

trckry the Cudgeller (Ogre Warper)                  Turns: 7706, Time: 00:10:00

Health: -7/120     AC:  3    Str: 17    XL:     8   Next: 56%
Magic:  12/12      EV:  9    Int: 15    God:    Trog [**....]
Gold:   162        SH:  0    Dex:  8    Spells: 10/12 levels left

rFire    . . .     SeeInvis .   a - +0 flail
rCold    . . .     Faith    .   (no shield)
rNeg     . . .     Spirit   .   g - +0 robe
rPois    .         Reflect  .   (helmet restricted)
rElec    .         Harm     .   (no cloak)
rCorr    .         Rampage  .   (gloves unavailable)
Will     .....                  (boots unavailable)
Stlth    ..........             (no amulet)
HPRegen  0.30/turn              (no ring)
MPRegen  0.13/turn              (no ring)

@: berserking (expiring), very quick
A: large, unfitting armour, tough skin 1
a: Renounce Religion, Berserk, Trog's Hand


You were on level 6 of the Dungeon.
You worshipped Trog.
Trog was pleased with you.
You visited 1 branch of the dungeon, and saw 6 of its levels.

You collected 162 gold pieces.

Inventory:

Hand Weapons
 a - a +0 flail (weapon)
 b - a +1 dagger of venom
Missiles
 d - 4 boomerangs of dispersal
 h - 27 poisoned darts (quivered)
 p - 10 boomerangs
Armour
 g - a +0 robe (worn)
Wands
 s - a wand of flame (12)
Scrolls
 c - a scroll of blinking
 e - a scroll of noise {unknown}
 f - 2 scrolls of identify {unknown}
 i - a scroll of brand weapon {unknown}
 k - a scroll of holy word {unknown}
 l - 2 scrolls of teleportation {unknown}
 m - 2 scrolls of amnesia {unknown}
 n - a scroll of fog {unknown}
Potions
 j - a potion of curing
 o - a potion of berserk rage {unknown}
 q - a potion of degeneration {unknown}
 r - a potion of lignification {unknown}
 t - a potion of invisibility {unknown}


   Skills:
 - Level 5.0 Fighting
 * Level 7.2 Maces & Flails
 + Level 5.3 Throwing
 - Level 2.1 Dodging
 - Level 2.7 Spellcasting
 - Level 3.0 Translocations


You had 10 spell levels left.
You knew the following spells:

 Your Spells              Type           Power      Damage    Failure   Level
a - Blink                 Tloc           N/A        N/A       9%          2

Your spell library contained the following spells:

 Spells                   Type           Power      Damage    Failure   Level
 Gell's Gravitas          Tloc           5%         N/A       17%         3
 Lesser Beckoning         Tloc           5%         N/A       17%         3
 Teleport Other           Tloc           11%        N/A       17%         3
 Manifold Assault         Tloc           11%        N/A       85%         5


Dungeon Overview and Level Annotations

Branches:
Dungeon (7/15)
 Temple: D:4-7

Altars:
Kikubaaqudgha
Ru
Sif Muna
Trog
Zin

Shops:
D:4 **

Annotations:
D:6 Maggie


Innate Abilities, Weirdness & Mutations

You are too large for most types of armour.
You have tough skin. (AC +1)


Message History

Maggie is lightly wounded.
Maggie hits you with a +0 broad axe.
You take 4 damage, and have 26/80 hp.
A red film seems to cover your vision as you go berserk!
You feel yourself moving faster!
You feel mighty!
Maggie practices a pose.
Maggie mumbles some strange words.
You now have 40/120 hp.
You closely miss Maggie.
Maggie is moderately wounded.
Maggie casts a spell.
You hit Maggie.
Maggie looks as sick as possible!
Maggie is moderately wounded.
You puncture Maggie!
Maggie looks as sick as possible!
Maggie is heavily wounded.
Maggie hits you with a +0 broad axe!
* * * LOW HITPOINT WARNING * * *
You take 14 damage, and have 27/120 hp.
You barely miss Maggie.
Maggie is heavily wounded.
Maggie zaps a wand.
The puff of flame hits you.
* * * LOW HITPOINT WARNING * * *
You take 6 damage, and have 21/120 hp.
You barely miss Maggie.
Maggie is heavily wounded.
You completely miss Maggie.
Maggie is heavily wounded.
Maggie barely misses you.
Your +1 dagger of venom stops dripping with poison.
a - a +0 flail (weapon)
You barely miss Maggie.
Maggie is severely wounded.
Maggie hits you with a +0 broad axe!
* * * LOW HITPOINT WARNING * * *
You take 7 damage, and have 15/120 hp.
You sock Maggie!
Maggie is almost dead.
Maggie points at you and mumbles some strange words.
The bolt of fire hits you!!
You die...

##.# #.). ####...## #>##
........#############...
#............[.......
##.#.#####.####...... #
#[# #.# #.##..# #.#
#.####.##..# #.#
#.[...|...). #@#
######.#.... #.@!#
#...... #.### #...... #.
##..... # ########.##.#
.........##..
.############


You could see Maggie (extremely poisoned).

Vanquished Creatures
  Grinder (D:6)
  A steam dragon (D:7)
  A water moccasin (D:6)
  2 black bears
  An ogre (D:4)
  A bullfrog (D:7)
  A scorpion (D:4)
  2 wyvern zombies
  A hound (D:6)
  A bullfrog zombie (D:6)
  2 orc priests
  An orc wizard (D:4)
  Terence (D:2)
  An iguana (D:3)
  4 adders
  3 worms
  2 dart slugs
  18 orcs
  9 ball pythons
  6 bats
  11 endoplasms
  4 giant cockroaches
  10 goblins
  9 hobgoblins
  8 jackals
  7 kobolds
  2 quokkas (D:1)
  4 frilled lizards
  4 rats (D:1)
  A spectral kobold (D:1)
119 creatures vanquished.

Vanquished Creatures (others)
  A dart slug (D:3)
  An endoplasm (D:3)
2 creatures vanquished.

Grand Total: 121 creatures vanquished

Notes
Turn   | Place    | Note
-------+----------+-------------------------------------------
     0 | D:1      | trckry the Ogre Warper began the quest for the Orb.
     0 | D:1      | Reached XP level 1. HP: 22/22 MP: 3/3
    74 | D:1      | HP: 3/22 [jackal (3)]
   358 | D:1      | Reached skill level 2 in Maces & Flails
   358 | D:1      | Reached XP level 2. HP: 28/29 MP: 5/5
   361 | D:1      | Learned a level 2 spell: Blink
   577 | D:1      | Reached XP level 3. HP: 26/36 MP: 7/7
   971 | D:1      | Found a faded altar of an unknown god.
  1004 | D:1      | Became a worshipper of Trog the Wrathful
  1004 | D:1      | Reached * piety under Trog
  2414 | D:2      | Noticed Terence
  2425 | D:2      | Killed Terence
  2426 | D:2      | Reached skill level 3 in Maces & Flails
  2426 | D:2      | Reached XP level 4. HP: 24/45 MP: 8/8
  3400 | D:3      | HP: 6/46 [iguana (11)]
  3403 | D:3      | Reached XP level 5. HP: 7/54 MP: 9/9
  4092 | D:3      | Reached ** piety under Trog
  5010 | D:3      | Found an ancient bone altar of Kikubaaqudgha.
  5389 | D:4      | Noticed an ogre
  5414 | D:4      | Killed an ogre
  5415 | D:4      | Reached skill level 4 in Maces & Flails
  5415 | D:4      | Reached XP level 6. HP: 29/63 MP: 10/10
  5597 | D:4      | Found a sacrificial altar of Ru.
  5611 | D:4      | Found a glowing silver altar of Zin.
  5904 | D:4      | Found Lezaduu's General Store.
  5906 | D:4      | Found Fuselob's Specific Store.
  6007 | D:4      | HP: 9/63 [scorpion (3)]
  6023 | D:4      | Reached skill level 5 in Fighting
  6023 | D:4      | Reached XP level 7. HP: 14/72 MP: 11/11
  6356 | D:4      | You fall into a shaft and drop 3 floors!
  6356 | D:7      | Noticed a steam dragon
  6386 | D:7      | Killed a steam dragon
  6387 | D:7      | Reached skill level 5 in Maces & Flails
  6390 | D:7      | HP: 10/72 [wyvern zombie (6)]
  6675 | D:7      | Found a shimmering blue altar of Sif Muna.
  6764 | D:6      | Reached skill level 6 in Maces & Flails
  6862 | D:6      | Noticed Grinder
  6894 | D:6      | Killed Grinder
  6895 | D:6      | Reached XP level 8. HP: 52/80 MP: 12/12
  7290 | D:6      | Reached skill level 7 in Maces & Flails
  7290 | D:6      | Reached skill level 5 in Throwing
  7293 | D:6      | HP: 17/120 [wyvern zombie (12)]
  7684 | D:6      | Noticed Maggie
  7705 | D:6      | HP: 15/120 [Maggie (7)]
  7706 | D:6      | Killed from afar by Maggie

Illustrated notes

Levels and vault maps discovered:
D:1:      psy_arrival_fountain, layout_basic,
          dreamdust_ecumenical_altar_drowned_temple
D:2:      layout_loops_corners, grunt_ministairs_1, uniq_terence
D:3:      layout_basic, lemuel_coloured_pillars_altar, nrook_mini_backslash,
          minmay_misc_feat_pillars, minmay_fountain_box, lemuel_flame_loot_1
D:4:      layout_basic, mainiacjoe_overflow_swirl, grunt_ministairs_4,
          st_stairs_2, interstate_on_off, nicolae_specific_store,
          corexii_leaking_fountain
D:6:      layout_loops_ring, mainiacjoe_overflow_chevrons, fedhas_altar_4,
          uniq_grinder, uniq_maggie, uniq_menkaure
D:7:      cheibrodos_barr_body, layout_loops_ring,
          nicolae_sif_muna_condensation, kennysheep_mini_moat,
          minmay_misc_feat_rugged, chequers_serial_rivers_micro_b

Skill      XL: |  1  2  3  4  5  6  7  8 |
---------------+-------------------------+-----
Maces & Flails | 2 3 4 6 7 |  7.2
Translocations | 3 |  3.0
Fighting       | 3 4 5 |  5.0
Throwing       | 2 3 4 5 |  5.3
Dodging        | |  2.1
Spellcasting   | |  2.7

Action                   |  1- 3 |  4- 6 |  7- 9 || total
-------------------------+-------+-------+-------++-------
Melee: Mace              |   114 |       |       ||   114
       Dagger            |    52 |   209 |    55 ||   316
       Flail             |       |       |    54 ||    54
Throw: Boomerang         |     1 |       |       ||     1
       Dart              |       |     6 |       ||     6
Invok: Trog's Hand       |       |     1 |     1 ||     2
       Berserk           |       |       |     4 ||     4
 Stab: Sleeping          |     2 |     1 |       ||     3
Armor: Robe              |    54 |    47 |    23 ||   124
Dodge: Dodged            |    88 |    80 |    42 ||   210
